 Dungeon Crawl Stone Soup version 0.24.1-11-gbbbb2193e6 (webtiles) character file.

Game seed: 11314494168054212363, levelgen mode: deterministic

7382 Gruesph the Carver (level 10, -1/70 HPs)
             Began as a Vampire Gladiator on May 13, 2020.
             Was a Priest of Wu Jian.
             Slain by a centaur (4 damage)
             ... on level 11 of the Dungeon.
             The game lasted 00:46:46 (11501 turns).

Gruesph the Carver (Vampire Gladiator)             Turns: 11501, Time: 00:46:47

Health: -1/70      AC: 10    Str: 16    XL:     10   Next: 92%
Magic:  17/17      EV: 11    Int: 10    God:    Wu Jian [***...]
Gold:   418        SH:  0    Dex: 17    Spells: 13/19 levels left

rFire    + + +     SeeInvis +   a - +5 long sword "Bogeq" {drain, rPois}
rCold    . . .     Gourm    .   (no shield)
rNeg     + . .     Faith    .   K - +0 fire dragon scales
rPois    +         Spirit   .   B - -2 hat of the Alchemist {rElec rPois rF+ rC+ rN+ MR+ rMut rCorr}
rElec    +         Reflect  .   J - scarf {cloud immunity}
rCorr    +         Harm     .   e - +0 pair of gloves
rMut     +                      q - +2 pair of boots
MR       ++++.                  (no amulet)
Stlth    ++........             G - ring of protection from magic
HPRegen  0.41/turn              y - ring of protection from magic
MPRegen  0.15/turn

@: regenerating quickly, hasted, serpent's lash, very quick
A: no food, fangs 3, see invisible, unbreathing
a: Exsanguinate, Wall Jump, Serpent's Lash, Renounce Religion


You were on level 11 of the Dungeon.
You worshipped Wu Jian.
Wu Jian was most pleased with you.
You were alive.

You visited 2 branches of the dungeon, and saw 12 of its levels.

You collected 418 gold pieces.

Inventory:

Hand Weapons
 a - the +5 long sword "Bogeq" (weapon) {drain, rPois}
   (You acquired it on level 8 of the Dungeon)

   A truly terrible weapon, it drains the life of those it strikes.
   It protects you from poison.
 b - a +0 hunting sling
Missiles
 d - 2 throwing nets
 h - 447 stones
 i - 8 curare-tipped darts
 l - 157 arrows
 A - 39 sling bullets
 I - 35 poisoned darts (quivered)
Armour
 e - a +0 pair of gloves (worn)
 q - a +2 pair of boots (worn)
 B - the -2 hat of the Alchemist (worn) {rElec rPois rF+ rC+ rN+ MR+ rMut rCorr}
   (You found it on level 4 of the Dungeon)

   It protects you from fire.
   It protects you from cold.
   It insulates you from electricity.
   It protects you from poison.
   It protects you from negative energy.
   It affects your resistance to hostile enchantments.
   It provides partial protection from all sources of acid and corrosion.
   It protects you from mutation.
 J - a scarf of cloud immunity (worn)
 K - +0 fire dragon scales (worn)
Jewellery
 y - a ring of protection from magic (right hand)
 G - a ring of protection from magic (left hand)
Wands
 x - a wand of digging (12)
 E - a wand of polymorph (6)
 H - a wand of flame (5)
Scrolls
 f - 2 scrolls of fog
 g - 3 scrolls of magic mapping
 j - 3 scrolls of amnesia
 k - 2 scrolls of teleportation
 m - 2 scrolls of enchant weapon
 n - 4 scrolls of enchant armour
 r - 4 scrolls of remove curse
 w - a scroll of immolation
Potions
 c - 3 potions of curing
 p - a potion of magic
 s - 2 potions of flight
 t - 3 potions of lignification
 u - a potion of haste
 v - a potion of mutation
 z - 3 potions of brilliance
 D - a potion of agility {unknown}
 F - 2 potions of berserk rage {unknown}


   Skills:
 - Level 3.1 Fighting
 + Level 12.2 Long Blades
 - Level 2.0 Throwing
 - Level 4.0 Dodging
 - Level 5.5 Stealth
 - Level 5.1 Spellcasting
 - Level 5.0 Charms
 - Level 5.0 Necromancy
 + Level 1.0 Translocations
 + Level 4.5 Evocations


You had 13 spell levels left.
You knew the following spells:

 Your Spells              Type           Power        Failure   Level  Hunger
a - Animate Skeleton      Necr           N/A          14%         1    N/A
b - Regeneration          Chrm/Necr      ##........   41%         3    N/A
c - Blink                 Tloc           N/A          75%         2    N/A

Your spell library contained the following spells:

 Spells                   Type           Power        Failure   Level  Hunger
 Pain                     Necr           ##..         14%         1    N/A
 Vampiric Draining        Necr           ##........   41%         3    N/A
 Magic Dart               Conj           #...         75%         1    N/A
 Sting                    Conj/Pois      #...         75%         1    N/A
 Animate Dead             Necr           N/A          82%         4    N/A
 Call Imp                 Summ           #.......     87%         2    N/A
 Poisonous Vapours        Pois/Air       #.....       87%         2    N/A
 Searing Ray              Conj           #.....       87%         2    N/A
 Slow                     Hex            #.......     87%         2    N/A
 Conjure Flame            Conj/Fire      #.......     98%         3    N/A
 Dazzling Spray           Conj/Hex       #.....       98%         3    N/A
 Mephitic Cloud           Conj/Pois/Air  #.......     98%         3    N/A
 Force Lance              Conj/Tloc      #.......     100%        4    N/A
 Fulminant Prism          Conj/Hex       #.........   100%        4    N/A
 Iskenderun's Mystic Bla  Conj           #.......     100%        4    N/A
 Olgreb's Toxic Radiance  Pois           #.......     100%        4    N/A
 Venom Bolt               Conj/Pois      #.........   100%        5    N/A

Dungeon Overview and Level Annotations

Branches:
Dungeon (11/15)            Temple (1/1) D:6             Orc (0/2) D:11
   Lair: D:8-11

Altars:
Ashenzari
Cheibriados
Dithmenos
Elyvilon
Fedhas
Gozag
Hepliaklqana
Kikubaaqudgha
Makhleb
Nemelex Xobeh
Okawaru
Qazlal
Ru
Sif Muna
Trog
Uskayaw
Vehumet
Wu Jian
Xom
Yredelemnul
Zin
The Shining One

Annotations:
D:4 2 runed translucent doors, releu's ghost, amateur MfAK
D:6 1 runed translucent door, lllmatko's ghost, novice MiBe


Innate Abilities, Weirdness & Mutations

You do not eat.
Your natural rate of healing is unusually fast.
You have razor-sharp teeth.
You have supernaturally acute eyesight. (SInv)
You can survive without breathing.


Message History

The centaur hits you but does no damage.
The centaur unwields a +0 shortbow.
The centaur misses you.
You riposte.
You closely miss the centaur. You slash the centaur!
You kill the centaur!
The Council accepts your kill.
Your Translocations skill increases to level 1!
The deep elf mage casts a spell.
The centaur unwields a +0 shortbow.
The centaur hits you but does no damage. x2
You feel better. The centaur hits you!
* * * LOW HITPOINT WARNING * * *
The centaur hits you but does no damage.
Okay, then.
Unknown command.
It was a potion of haste.
You feel yourself speed up.
The centaur hits you but does no damage. x2
A kobold comes into view. It is wielding a +0 club.
The centaur hits you.
You die...

.........##......#
.##.......#......##. K#
##....................
.#........c...#.##>..
.........((#.#### .##
...........((######..##
#รท.......((#).(#.(..(.#
#..........(...))..#.....
...........(...c@)(##....
###.......)....c).e##....
#..........)........)..##
........#..........Y((..#
..##..(###..............#
.........##...........%.#
.......<...([...#.......#
................#.###.##
.....#............##.##


You could see a deep elf mage, an ice beast, 2 centaurs and a kobold
(wandering).

Vanquished Creatures
  A two-headed ogre (D:10)
  An unseen horror (D:10)
  An ugly thing (D:10)
  A moth of wrath (D:8)
  3 hippogriffs (D:9)
  Sigmund (D:6)
  A wyvern (D:10)
  Eustachio (D:4)
  A hungry ghost (D:8)
  2 steam dragons
  Edmund (D:5)
  A soldier ant (D:10)
  4 orc warriors
  3 sky beasts
  4 ogres
  A necrophage (D:7)
  2 black bears
  2 ice beasts
  5 centaurs
  A big kobold (D:11)
  8 bullfrogs
  A scorpion (D:11)
  3 killer bees
  2 wights
  4 crimson imps
  3 bullfrog zombies
  A quasit (D:10)
  3 bullfrog skeletons
  3 hounds
  2 jellies
  3 orc priests (D:7)
  An iguana (D:2)
  7 orc wizards
  A worker ant (D:10)
  4 gnolls
  11 adders
  3 shadow imps
  2 oozes
  An adder skeleton (D:8)
  5 worms
  3 dart slugs
  7 leopard geckos
  26 orcs
  9 bats
  4 giant cockroaches
  8 goblins
  10 hobgoblins
  11 kobolds
  9 quokkas
  2 ball pythons
  7 frilled lizards
  2 leopard gecko skeletons
  9 rats
212 creatures vanquished.

Vanquished Creatures (collateral kills)
  A hippogriff (D:10)
1 creature vanquished.

Vanquished Creatures (others)
  A fungus (D:11)
1 creature vanquished.

Grand Total: 214 creatures vanquished

Notes
Turn   | Place    | Note
-------+----------+-------------------------------------------
     0 | D:1      | Gruesph the Vampire Gladiator began the quest for the Orb.
     0 | D:1      | Reached XP level 1. HP: 16/16 MP: 1/1
    77 | D:1      | Reached skill level 1 in Stealth
   129 | D:1      | Reached XP level 2. HP: 22/22 MP: 2/2
   470 | D:1      | Reached XP level 3. HP: 27/27 MP: 3/3
  1112 | D:2      | Reached XP level 4. HP: 33/33 MP: 4/4
  1318 | D:2      | Reached skill level 4 in Long Blades
  1843 | D:3      | Reached XP level 5. HP: 38/38 MP: 5/5
  2265 | D:3      | Found an ornate altar of the Wu Jian Council.
  2364 | D:3      | Reached skill level 5 in Long Blades
  2691 | D:3      | Became a worshipper of the Wu Jian Council
  2755 | D:4      | Got a polished flail
  2861 | D:4      | Found the -2 hat of the Alchemist {rElec rPois rF+ rC+ rN+
                  | MR+ rMut rCorr}
  3067 | D:4      | Found a runed translucent door.
  3074 | D:4      | Noticed releu's ghost (amateur MfAK)
  3126 | D:4      | Found a runed translucent door.
  3319 | D:5      | Entered Level 5 of the Dungeon
  3323 | D:5      | Noticed Eustachio
  3386 | D:4      | Killed Eustachio
  3386 | D:4      | Reached skill level 6 in Long Blades
  3386 | D:4      | Reached XP level 6. HP: 13/44 MP: 6/6
  3588 | D:5      | Noticed Edmund
  3632 | D:5      | Killed Edmund
  3632 | D:5      | Reached skill level 7 in Long Blades
  3632 | D:5      | Reached XP level 7. HP: 38/50 MP: 7/7
  4787 | D:6      | Found a staircase to the Ecumenical Temple.
  4792 | D:6      | Reached skill level 8 in Long Blades
  4809 | Temple   | Entered the Ecumenical Temple
  5433 | D:6      | Found a runed translucent door.
  5434 | D:6      | Noticed lllmatko's ghost (novice MiBe)
  5435 | D:6      | Noticed Sigmund
  5448 | D:6      | Killed Sigmund
  5448 | D:6      | Reached skill level 9 in Long Blades
  5619 | D:6      | Reached XP level 8. HP: 54/56 MP: 8/8
  5913 | D:7      | Learned a level 1 spell: Animate Skeleton
  5944 | D:7      | Reached skill level 1 in Necromancy
  5947 | D:7      | Reached skill level 1 in Spellcasting
  6233 | D:7      | Reached skill level 10 in Long Blades
  6274 | D:7      | Reached * piety under Wu Jian
  6603 | D:6      | Found a staircase to the Ecumenical Temple.
  6790 | D:6      | Found a runed translucent door.
  7263 | D:6      | HP: 2/55 [orc warrior/+0 halberd (10)]
  7485 | D:7      | Reached XP level 9. HP: 55/60 MP: 13/13
  7597 | D:7      | Learned a level 3 spell: Regeneration
  7615 | D:7      | HP: 1/60 [orc warrior/+0 flail (13)]
  7764 | D:8      | Reached skill level 1 in Charms
  7799 | D:8      | Noticed a two-headed ogre
  7981 | D:8      | Noticed a deep troll
  7981 | D:8      | a two-headed ogre changed into a deep troll
  7982 | D:8      | Noticed a moth of wrath
  7982 | D:8      | a deep troll changed into a moth of wrath
  7988 | D:8      | Killed a moth of wrath
  8119 | D:8      | Learned a level 2 spell: Blink
  8613 | D:8      | Reached skill level 5 in Necromancy
  9025 | D:8      | Identified a scroll of acquirement
  9026 | D:8      | Got a polished long sword
  9027 | D:8      | Identified the +5 long sword "Bogeq" {drain, rPois} (You
                  | acquired it on level 8 of the Dungeon)
  9108 | D:9      | Reached ** piety under Wu Jian
  9220 | D:9      | Got a fine short sword
  9258 | D:9      | Reached skill level 11 in Long Blades
  9299 | D:9      | Found a white marble altar of Elyvilon.
  9695 | D:9      | Reached XP level 10. HP: 63/70 MP: 16/16
 10027 | D:10     | Entered Level 10 of the Dungeon
 10072 | D:10     | Reached skill level 5 in Charms
 10186 | D:10     | Reached skill level 1 in Evocations
 10791 | D:11     | Found a staircase to the Orcish Mines.
 10791 | D:11     | Noticed an unseen horror
 10798 | D:11     | Noticed a two-headed ogre
 10842 | D:10     | Killed a two-headed ogre
 10842 | D:10     | Reached skill level 5 in Stealth
 10842 | D:10     | Reached skill level 5 in Spellcasting
 10845 | D:10     | Killed an unseen horror
 11041 | D:11     | Noticed a green ugly thing
 11070 | D:10     | Killed a green ugly thing
 11070 | D:10     | Reached *** piety under Wu Jian
 11070 | D:10     | Reached skill level 12 in Long Blades
 11496 | D:11     | Noticed a deep elf mage
 11499 | D:11     | Reached skill level 1 in Translocations
 11500 | D:11     | HP: 3/70 [centaur (7)]
 11501 | D:11     | Slain by a centaur

Levels and vault maps discovered:
D:1:      lemuel_arrival_river_ford, layout_basic, minmay_split_cup_small
D:2:      layout_rooms, minmay_pentomino_q4
D:3:      layout_basic, nicolae_overflow_crystal_walls
D:4:      layout_loops_ring, first_ration, ebering_ghost_sewer_f
D:5:      layout_basic, uniq_edmund, uniq_eustachio
D:6:      layout_basic, minmay_temple_entry_glass, gammafunk_ghost_grave,
          uniq_sigmund
D:7:      layout_rooms, serial_glass, glass_columns_a, glass_columns_b,
          minmay_strange_pillars
D:8:      layout_rooms
D:9:      layout_basic, chequers_avenue, chequers_serial_rivers_large_b,
          elyvilon_altar_4
D:10:     layout_gridville
D:11:     layout_cave_pools, grunt_lair_entry_orc_guard_hut, orc_0_dummy,
          hangedman_stone_soup
Temple:   nicolae_temple_the_god_donut

Skill      XL: |  1  2  3  4  5  6  7  8  9 10 |
---------------+-------------------------------+-----
Stealth        | 1 3 5 |  5.5
Fighting       | 2 3 |  3.1
Throwing       | 2 |  2.0
Long Blades    | 4 6 7 9 10 11 12 | 12.2
Dodging        | 4 |  4.0
Necromancy     | 3 5 |  5.0
Spellcasting   | 3 4 5 |  5.1
Charms         | 4 5 |  5.0
Evocations     | 4 |  4.5
Translocations | 1 |  1.0

Action                   |  1- 3 |  4- 6 |  7- 9 | 10-12 || total
-------------------------+-------+-------+-------+-------++-------
Melee: Long sword        |   127 |   218 |   355 |   140 ||   840
       Bite              |    11 |    21 |    58 |    21 ||   111
Throw: Throwing net      |       |     1 |       |       ||     1
 Cast: Animate Skeleton  |       |       |     3 |     2 ||     5
Invok: Lunge             |       |     2 |    31 |     9 ||    42
       Whirlwind         |       |       |    11 |     7 ||    18
       Serpent's Lash    |       |       |       |     1 ||     1
 Abil: Wall Jump         |       |       |       |     2 ||     2
Evoke: Wand              |       |       |    10 |       ||    10
  Use: Scroll            |       |    13 |     4 |     2 ||    19
       Potion            |       |     4 |     1 |     2 ||     7
 Stab: Sleeping          |     5 |       |       |       ||     5
       Held in net/web   |       |     1 |       |       ||     1
Armor: Leather armour    |    23 |       |       |       ||    23
       Ring mail         |    17 |     7 |       |       ||    24
       Scale mail        |       |    91 |    77 |       ||   168
       Skin              |       |    68 |       |       ||    68
       Fire dragon scale |       |       |    29 |    83 ||   112
Dodge: Dodged            |    80 |   149 |   181 |   117 ||   527
       Rpst.: Long sword |    24 |    49 |    57 |    25 ||   155
